 Dungeon Crawl Stone Soup version 0.19.0-24-gb05acd6 (console) character file.

3299 Kloppie the Cleaver (level 9, -6/74 HPs)
             Began as a Demonspawn Berserker on Nov 22, 2016.
             Was an Elder of Trog.
             Mangled by an orc warrior
             ... wielding a +4 glaive
              (22 damage)
             ... on level 9 of the Dungeon.
             The game lasted 00:10:16 (7282 turns).

Kloppie the Cleaver (Demonspawn Berserker)          Turns: 7282, Time: 00:10:17

Health: -6/74      AC: 12    Str: 14    XL:     9   Next: 70%
Magic:  9/9        EV: 10    Int:  6    God:    Trog [****..]
Gold:   164        SH:  0    Dex: 19    Spells: 0 memorised, 8 levels left

rFire  + + .     SeeInvis .     a - +7 broad axe {chop, +Inv rF++ rN+++ Str-5 Int-2}
rCold  + . .     Gourm    .     e - +0 scale mail
rNeg   + + +     Faith    .     (no shield)
rPois  .         Spirit   .     i - +0 helmet
rElec  .         Reflect  .     (no cloak)
rCorr  +         Harm     .     v - +1 pair of gloves
MR     ++...                    (no boots)
Stlth  ..........               (no amulet)
                                r - ring of resist corrosion
                                u - +4 ring of dexterity

@: exhausted, regenerating, slowed, very slow
A: talons 1, icy blue scales 1, cold resistance 1, demonic guardian 1
a: Berserk, Trog's Hand, Brothers in Arms, Burn Spellbooks, Renounce Religion,
Evoke Invisibility


You were on level 9 of the Dungeon.
You worshipped Trog.
Trog was greatly pleased with you.
You were near starving.

You visited 1 branch of the dungeon, and saw 9 of its levels.
You also visited: Ossuary.

You collected 362 gold pieces.
You spent 198 gold pieces at shops.

Inventory:

Hand Weapons
 a - the +7 broad axe of the Mushroom (weapon) {chop, +Inv rF++ rN+++ Str-5 Int-2}
   (You bought it in a shop on level 4 of the Dungeon)

   It inflicts extra damage upon your enemies.
   It affects your strength (-5).
   It affects your intelligence (-2).
   It greatly protects you from fire.
   It renders you almost immune to negative energy.
   It lets you turn invisible.
 A - a +0 war axe
Armour
 e - a +0 scale mail (worn)
 i - a +0 helmet (worn)
 v - a +1 pair of gloves (worn)
Jewellery
 r - a ring of resist corrosion (right hand)
 u - a +4 ring of dexterity (left hand)
 y - an uncursed ring of stealth
 F - an uncursed ring of positive energy
Wands
 s - a wand of iceblast (4/15)
 x - a wand of digging (19/24)
Scrolls
 d - a scroll of enchant armour
 g - 3 scrolls of teleportation
 h - 2 scrolls of fog
 j - a scroll of remove curse
 t - 2 scrolls of magic mapping
Potions
 b - 3 potions of heal wounds
 f - a potion of might
 k - a potion of berserk rage
 l - 3 potions of resistance
 m - 5 potions of brilliance
 n - a potion of haste
 o - 4 potions of curing {unknown}
 p - a potion of ambrosia {unknown}
 B - 2 potions of agility {unknown}
 C - 3 potions of flight {unknown}
 D - 3 potions of lignification {unknown}
Comestibles
 c - 8 bread rations
 q - a royal jelly
 w - 5 fruits
 z - 7 beef jerkies
 E - 2 meat rations
 G - 4 chunks of flesh


   Skills:
 - Level 8.1 Fighting
 * Level 10.5 Axes
 + Level 3.1 Armour
 - Level 1.7 Dodging


You had 8 spell levels left.
You didn't know any spells.

Dungeon Overview and Level Annotations

Branches:
Dungeon (9/15)             Temple (0/1) D:5             Orc (0/2) D:9
   Lair: D:8-11

Altars:
Dithmenos
Fedhas
Gozag
Hepliaklqana
Makhleb
Nemelex Xobeh
Okawaru
Trog
Vehumet
Xom
Zin
The Shining One

Shops:
D:4 [*?[(   D:6 (   D:7 }   D:8 *


Innate Abilities, Weirdness & Mutations

You have sharp toenails.
You are partially covered in icy blue scales. (AC +2)
Your flesh is cold resistant. (rC+)
A weak demonic guardian rushes to your aid.


Message History

The orc warrior hits you with a mace.
* * * LOW HITPOINT WARNING * * *
The orc warrior hits you from afar with an enchanted glaive!
* * * LOW HITPOINT WARNING * * *
You barely miss the orc warrior. You claw the orc warrior!
The orc warrior is severely wounded.
You slice the orc warrior!!
You kill the orc warrior!
Trog accepts your kill.
You closely miss the orc.
You are no longer berserk.
You are exhausted.
You feel yourself slow down.
The orc warrior hits you but does no damage.
The orc hits you but does no damage.
Your skin crawls.
You feel resistant to hostile enchantments.
You are near starving!
The orc warrior hits you from afar with an enchanted glaive!!
You die...

####.........#
#.............#.##
.......#..####
#.####.......##.#
####......# #.#
##.....##..#
####.#.# #.#
##...###.## #.#.#
#.# #####.## #.#
#.#.# #.#8...8###
#.# #.#.##
#.#O....# #.#
#.#..
#)oo.>..######.###
#.#.# #@#
#.........
#######.#.## #)#
######.###
.....##..>.#####.#
#.#
####.##........#(#
#.### #.##....#
#.(.# #....
###.##.#### #.###
##### #.........#
#.#
#.#.##.##.###.#
#.#.##.#......#


You could see an orc warrior, an ogre and an orc.

Vanquished Creatures
  A hill giant (D:7)
  The ghost of newuser the Conjurer, a novice OpIE of Vehumet (D:5)
  A water moccasin (D:8)
  2 orc warriors (D:9)
  A sky beast (D:8)
  2 ogres (D:7)
  A centaur (D:5)
  2 big kobolds (D:9)
  2 bullfrogs
  3 gnoll sergeants (D:9)
  3 scorpions
  7 howler monkeys
  A crimson imp (D:7)
  3 human zombies (Ossuary)
  A quasit (D:7)
  2 orc priests (D:5)
  2 iguanas
  6 worker ants
  Natasha (twice) (D:3)
  An orc wizard (D:9)
  A killer bee zombie (D:7)
  A big kobold zombie (Ossuary)
  2 mummies (Ossuary)
  6 adders
  A shadow imp (D:6)
  2 oozes
  An adder zombie (Ossuary)
  2 worms
  2 dart slugs
  4 leopard geckos
  14 orcs
  5 giant cockroaches
  8 goblins
  2 hobgoblins
  10 jackals
  2 quokkas
  2 ball pythons (D:3)
  7 bats
  4 frilled lizards
  2 goblin zombies (Ossuary)
  6 hobgoblin zombies (Ossuary)
  2 jackal zombies (Ossuary)
  6 kobolds
  14 kobold zombies (Ossuary)
  7 orc zombies (Ossuary)
  8 rats
  A rat zombie (Ossuary)
166 creatures vanquished.

Vanquished Creatures (collateral kills)
  Sigmund (D:4)
  A hungry ghost (D:7)
  An ogre (D:4)
  A centaur (D:8)
  A big kobold (D:9)
  A crimson imp (D:7)
  Natasha (D:3)
  An adder (D:2)
  A gnoll (D:9)
  An orc (D:7)
  A giant cockroach (D:4)
  A goblin (D:2)
  A kobold (D:3)
13 creatures vanquished.

Grand Total: 179 creatures vanquished

Notes
Turn   | Place    | Note
-------+----------+-------------------------------------------
     0 | D:1      | Kloppie the Demonspawn Berserker began the quest for the Orb.
     0 | D:1      | Reached XP level 1. HP: 18/18 MP: 1/1
   311 | D:1      | Gained mutation: A weak demonic guardian rushes to your aid. [demonic ancestry]
   311 | D:1      | Reached XP level 2. HP: 19/24 MP: 2/2
   510 | D:1      | Reached skill level 3 in Axes
   616 | D:1      | Found a sparkling altar of Nemelex Xobeh.
   989 | D:2      | Gained mutation: You are partially covered in icy blue scales. (AC +2) [demonic ancestry]
   989 | D:2      | Reached XP level 3. HP: 30/30 MP: 3/3
  1361 | D:2      | Found a glowing silver altar of Zin.
  1361 | D:2      | Noticed an angel
  1362 | D:2      | Found a shimmering altar of Xom.
  1393 | D:2      | Reached ** piety under Trog
  1546 | D:2      | Gained mutation: Your flesh is cold resistant. (rC+) [demonic ancestry]
  1546 | D:2      | Reached XP level 4. HP: 32/37 MP: 4/4
  1633 | D:3      | Found a shadowy altar of Dithmenos.
  1803 | D:3      | Noticed Natasha
  1809 | D:3      | Killed Natasha
  1809 | D:3      | Reached skill level 4 in Axes
  1993 | D:3      | Found a radiant altar of Vehumet.
  2019 | D:3      | Noticed Natasha
  2025 | D:3      | Killed Natasha
  2239 | D:3      | Reached XP level 5. HP: 43/43 MP: 5/5
  2264 | D:3      | Noticed Natasha
  2273 | D:3      | Killed Natasha
  2329 | D:3      | Found an opulent altar of Gozag.
  2329 | D:3      | Found a bloodstained altar of Trog.
  2486 | D:4      | Found Ybues's Antique Weapon Shoppe.
  2528 | D:4      | Found Tenavvok's Antique Armour Boutique.
  2536 | D:4      | Found Zuxuet's Magic Scroll Shoppe.
  2579 | D:4      | Noticed an ogre
  2586 | D:4      | Killed an ogre
  2615 | D:4      | Reached skill level 5 in Axes
  2949 | D:4      | Noticed Sigmund
  2951 | D:4      | Found Citelo Ubra's Armour Boutique.
  2966 | D:4      | Killed Sigmund
  2966 | D:4      | Reached skill level 5 in Fighting
  2966 | D:4      | Reached XP level 6. HP: 23/51 MP: 6/6
  3188 | D:4      | Bought an encrusted broad axe for 198 gold pieces
  3188 | D:4      | Identified the +7 broad axe of the Mushroom {chop, +Inv rF++ rN+++ Str-5 Int-2} (You bought it in a shop on level 4 of the Dungeon)
  3355 | D:4      | Found Zuxa Fufep's General Store.
  3645 | D:5      | Entered Level 5 of the Dungeon
  3645 | D:5      | Found a staircase to the Ecumenical Temple.
  3726 | D:5      | Noticed newuser's ghost (novice OpIE)
  3733 | D:5      | Reached skill level 6 in Axes
  3733 | D:5      | Reached XP level 7. HP: 45/56 MP: 7/7
  3738 | D:5      | Killed newuser's ghost
  3738 | D:5      | Reached *** piety under Trog
  3903 | D:5      | Found an iron altar of Okawaru.
  4349 | D:5      | Reached skill level 7 in Axes
  4784 | D:6      | Found a sand-covered staircase.
  4792 | Ossuary  | Entered an ossuary
  4898 | Ossuary  | Received a gift from Trog
  4899 | Ossuary  | Reached XP level 8. HP: 39/64 MP: 8/8
  5048 | D:6      | Found a hazy altar of Hepliaklqana.
  5055 | D:6      | Found Ixadoid's Weapon Shoppe.
  5332 | D:7      | Found Hiplanos's Gadget Boutique.
  5340 | D:7      | Reached skill level 8 in Axes
  5348 | D:7      | Reached **** piety under Trog
  5381 | D:7      | Noticed a hill giant
  5389 | D:7      | Killed a hill giant
  5389 | D:7      | Reached skill level 9 in Axes
  5402 | D:7      | Gained mutation: You have sharp toenails. [demonic ancestry]
  5402 | D:7      | Reached XP level 9. HP: 13/72 MP: 9/9
  5946 | D:7      | Found a glowing golden altar of the Shining One.
  6448 | D:8      | Found a burning altar of Makhleb.
  6582 | D:8      | Found Gusmilia's Demolitions Depot.
  7021 | D:9      | Found a blossoming altar of Fedhas.
  7039 | D:9      | Reached skill level 10 in Axes
  7270 | D:9      | Found a staircase to the Orcish Mines.
  7275 | D:9      | Reached ***** piety under Trog
  7282 | D:9      | Mangled by an orc warrior

Skill      XL: |  1  2  3  4  5  6  7  8  9 |
---------------+----------------------------+-----
Axes           | 3 4 5 6 7 9 10 | 10.5
Fighting       | 4 5 6 7 8 |  8.1
Armour         | 3 |  3.1
Dodging        | |  1.7

Action                   |  1- 3 |  4- 6 |  7- 9 || total
-------------------------+-------+-------+-------++-------
Melee: Hand axe          |   118 |     6 |       ||   124
       War axe           |       |    80 |       ||    80
       Broad axe         |       |    11 |   218 ||   229
       Kick              |       |       |    21 ||    21
Invok: Berserk           |     1 |     2 |     2 ||     5
       Trog's Hand       |       |       |     1 ||     1
  Use: Scroll            |       |    16 |     6 ||    22
       Potion            |       |     1 |       ||     1
 Stab: Distracted        |       |       |     1 ||     1
  Eat: Chunk             |     3 |     8 |    16 ||    27
Armor: Ring mail         |     4 |       |       ||     4
       Animal skin       |     2 |       |       ||     2
       Scale mail        |    35 |    49 |    98 ||   182
Dodge: Dodged            |    70 |    48 |   100 ||   218
